 Dungeon Crawl Stone Soup version 0.16-a0-3880-g9314259 (webtiles) character file.

795 timbw the Slasher (level 7, 0/46 HPs)
             Began as an Octopode Berserker on Feb 1, 2015.
             Was a Priest of Trog.
             Slain by a yak (8 damage)
             ... on level 5 of the Dungeon.
             The game lasted 00:08:23 (1725 turns).

timbw the Slasher (Octopode Berserker)              Turns: 1725, Time: 00:08:23

Health: 0/46       AC:  1    Str: 16    XL:     7   Next: 89%
Magic:  7/7        EV: 15    Int: 10    God:    Trog [***...]
Gold:   157        SH:  0    Dex: 13    Spells: 0 memorised, 6 levels left

rFire  . . .     SeeInvis +     a - +1 falchion
rCold  . . .     Clarity  .     (no shield)
rNeg   . . .     SustAb   .     (helmet restricted)
rPois  .         Gourm    .     (no amulet)
rElec  .         Spirit   .     m - ring of see invisible
rCorr  .         Warding  .     (no ring)
rMut   .         Stasis   .     (no ring)
MR     .....                    (no ring)
Stlth  ++........               (no ring)
                                (no ring)
                                (no ring)
                                (no ring)

@: exhausted, very slightly contaminated, slowed, very slow, not resistant to
hostile enchantments, unstealthy
A: almost no armour, amphibious, 8 rings, constrict 8, camouflage 1, gelatinous
body 1
a: Burn Spellbooks, Berserk, Trog's Hand, Renounce Religion


You were on level 5 of the Dungeon.
You worshipped Trog.
Trog was most pleased with you.
You were very hungry.

You visited 1 branch of the dungeon, and saw 5 of its levels.

You collected 157 gold pieces.

Inventory:

Hand weapons
 a - a +1 falchion (weapon)
Missiles
 f - 6 javelins (quivered)
 k - 5 tomahawks
Armour
 r - a +0 large shield
Jewellery
 m - a ring of see invisible (left tentacle)
Scrolls
 h - a scroll of fog {unknown}
 o - a scroll of remove curse {unknown}
Potions
 g - 2 potions of brilliance
 i - a potion of restore abilities
 j - a potion of flight {unknown}
 l - a potion of curing {unknown}
 p - a potion of heal wounds {unknown}
 q - a potion of might {unknown}
Comestibles
 c - 2 bread rations
 n - 5 fruits


   Skills:
 - Level 3.0 Fighting
 * Level 7.6 Long Blades
 + Level 5.7 Dodging


You had 6 spell levels left.
You didn't know any spells.

Dungeon Overview and Level Annotations

Branches:
Dungeon (5/15)
 Temple: D:4-7

Altars:


Innate Abilities, Weirdness & Mutations

You cannot wear most types of armour.
You are amphibious.
You can wear up to eight rings at the same time.
You can use your tentacles to constrict many enemies at once.
Your skin changes colour to match your surroundings (Stealth).
Your rubbery body absorbs attacks (AC +1).


Message History

The yak closely misses you.
You barely miss the yak.
The yak is severely wounded.
You feel the effects of Trog's Hand fading.
The yak closely misses you.
You hit the yak. You squeeze the yak.
The yak is almost dead.
You flicker back into view.
The yak bellows!
The yak barely misses you. The yak closely misses you.
You hit the yak. Your squeeze misses the yak.
The yak is almost dead.
The yak closely misses you.
Your skin stops crawling.
You feel less resistant to hostile enchantments.
The yak gores you!
* * * LOW HITPOINT WARNING * * *
The yak completely misses you. The yak closely misses you. The yak gores you!
You die...

##....### #.......### ####
#.........# #.. ###..#
#.......... #...##....#
##.......... #.........#
#.......)... #.........#
##...........
#........Y#####............
#.##.....Y@...†(...........
#...........####...........
..........## #..Y.........
..##.....# #.Y.......... #
##....# #...........#
##...# #...........# ##..#
#.......... ##.# #.........
### #........


You could see 2 yaks.

Vanquished Creatures
  3 yaks (D:5)
  A centaur (D:5)
  The ghost of ark the Slasher, an average HESk (D:3)
  A hound (D:5)
  A giant frog skeleton (D:5)
  An orc wizard (D:3)
  Terence (D:2)
  5 adders
  2 giant mites
  2 worms
  An ooze (D:1)
  5 orcs
  A ball python (D:1)
  5 bats
  5 goblins
  3 hobgoblins
  7 jackals
  5 kobolds
  2 quokkas
  2 giant cockroaches
  2 giant newts
  8 rats
64 creatures vanquished.

Notes
Turn   | Place    | Note
--------------------------------------------------------------
     0 | D:1      | timbw, the Octopode Berserker, began the quest for the Orb.
     0 | D:1      | Reached XP level 1. HP: 16/16 MP: 1/1
    73 | D:1      | Reached XP level 2. HP: 10/21 MP: 2/2
   256 | D:1      | Acquired Trog's second power
   359 | D:1      | Reached XP level 3. HP: 14/26 MP: 3/3
   548 | D:2      | Reached skill level 4 in Long Blades
   656 | D:2      | Noticed Terence
   660 | D:2      | Reached XP level 4. HP: 31/31 MP: 4/4
   665 | D:2      | Killed Terence
   817 | D:3      | Reached XP level 5. HP: 33/36 MP: 5/5
   991 | D:3      | Noticed ark's ghost (average HESk)
  1007 | D:3      | Killed ark's ghost
  1007 | D:3      | Reached skill level 5 in Long Blades
  1179 | D:5      | Entered Level 5 of the Dungeon
  1186 | D:5      | Reached XP level 6. HP: 32/42 MP: 6/6
  1410 | D:5      | Noticed a centaur
  1422 | D:5      | Killed a centaur
  1422 | D:5      | Reached skill level 6 in Long Blades
  1559 | D:5      | Noticed a yak
  1560 | D:5      | Noticed a yak
  1560 | D:5      | Noticed a yak
  1689 | D:5      | Killed a yak
  1689 | D:5      | Reached skill level 5 in Dodging
  1689 | D:5      | Reached XP level 7. HP: 46/46 MP: 7/7
  1692 | D:5      | Killed a yak
  1692 | D:5      | Reached skill level 7 in Long Blades
  1693 | D:5      | Noticed a yak
  1694 | D:5      | Noticed a yak
  1700 | D:5      | Killed a yak
  1725 | D:5      | Slain by a yak

Action                   |  1- 3 |  4- 6 |  7- 9 || total
-------------------------+-------+-------+-------++-------
Melee: Falchion          |    50 |    81 |    19 ||   150
Throw: Javelin           |       |       |     1 ||     1
Invok: Berserk           |     3 |     3 |       ||     6
       Burn Spellbooks   |       |     1 |       ||     1
       Trog's Hand       |       |       |     1 ||     1
  Use: Scroll            |       |     3 |     1 ||     4
       Potion            |       |       |     1 ||     1
 Stab: Sleeping          |     4 |     1 |       ||     5
       Invisible         |       |       |     1 ||     1
  Eat: Chunk             |     1 |     7 |       ||     8
